 Dungeon Crawl Stone Soup version 0.29.1-15-g9cfb28693d (webtiles) character file.

Game seed: 7060117367413720004

85 GigaChad the Covered (level 4, 0/40 HPs)
             Began as a Minotaur Fighter on Mar 13, 2023.
             Slain by a gnoll
             ... wielding a +0 halberd
              (3 damage)
             ... on level 4 of the Dungeon.
             The game lasted 00:03:35 (1857 turns).

GigaChad the Covered (Minotaur Fighter)             Turns: 1857, Time: 00:03:36

Health: 0/40       AC:  9    Str: 23    XL:     4   Next: 25%
Magic:  3/3        EV:  6    Int:  5    God:
Gold:   152        SH:  8    Dex:  9    Spells: 3/3 levels left

rFire   . . .      SeeInvis .   a - +0 war axe
rCold   . . .      Faith    .   m - +0 kite shield
rNeg    . . .      Spirit   .   j - +0 chain mail
rPois   .          Reflect  .   (helmet restricted)
rElec   .          Harm     .   (no cloak)
rCorr   .          Rampage  .   (no gloves)
Will    .....                   (no boots)
Stlth   ..........              (no amulet)
HPRegen 0.13/turn               (no ring)
MPRegen 0.08/turn               (no ring)

@: no status effects
A: horns 2, retaliatory headbutt
a: no special abilities


You were on level 4 of the Dungeon.
You visited 1 branch of the dungeon, and saw 4 of its levels.

You collected 152 gold pieces.

Inventory:

Hand Weapons
 a - a +0 war axe (weapon)
 o - a +0 battleaxe
Armour
 b - a +0 scale mail
 c - a +0 buckler
 j - a +0 chain mail (worn)
 m - a +0 kite shield (worn)
Scrolls
 g - 5 scrolls of identify
 h - a scroll of vulnerability
 i - a scroll of blinking
 k - 2 scrolls of magic mapping {unknown}
Potions
 d - a potion of might
 e - a potion of heal wounds {unknown}
 f - a potion of brilliance {unknown}
 l - a potion of mutation {unknown}
 n - a potion of degeneration {unknown}


   Skills:
 + Level 4.0 Fighting
 + Level 3.8 Axes
 + Level 4.4 Armour
 + Level 1.2 Dodging
 + Level 0.1 Stealth
 + Level 4.0 Shields


You had 3 spell levels left.
You didn't know any spells.
Your spell library contained the following spells:

 Spells                   Type           Power      Damage    Failure   Level
 Ozocubu's Armour         Ice            0%         N/A       100%        3
 Ozocubu's Refrigeration  Ice            0%         4d7       100%        7


Dungeon Overview and Level Annotations

Branches:
Dungeon (4/15)
 Temple: D:4-7

Altars:


Innate Abilities, Weirdness & Mutations

You have a pair of horns on your head.
You reflexively headbutt those who attack you in melee.


Message History

Found 3 stones.
A hobgoblin comes into view.
Found a battleaxe.
Found a scale mail.
The hobgoblin hits you but does no damage.
You block the hobgoblin's attack.
You closely miss the hobgoblin. Your headbutt misses the hobgoblin.
The hobgoblin hits you but does no damage.
The hobgoblin hits you. You block the hobgoblin's attack.
You hit the hobgoblin.
You kill the hobgoblin!
You see here a hobgoblin corpse.
Found a scroll labelled TETHRU JEUBUET.
You now have 152 gold pieces (gained 10).
A gnoll comes into view.
It is wielding a +0 whip of electrocution.
The gnoll shouts!
You hear an angry hiss.
You hear a shout!
A gnoll comes into view. It is wielding a +0 spear.
A gnoll comes into view. It is wielding a +0 halberd.
You see here a +0 battleaxe.
o - a +0 battleaxe An adder comes into view.
You barely miss the gnoll.
The gnoll hits you with a +0 whip of electrocution.
You are electrocuted!!
An orc comes into view. It is wielding a +0 short sword.
You closely miss the gnoll.
The orc shouts!
The gnoll barely misses you.
The gnoll hits you from afar with a +0 halberd!
* * * LOW HITPOINT WARNING * * *
An adder comes into view.
The gnoll barely misses you.
The gnoll hits you from afar with a +0 halberd!
* * * LOW HITPOINT WARNING * * *
The adder hisses angrily.
You slash the gnoll!
The gnoll is heavily wounded.
The gnoll hits you from afar with a +0 halberd.
You die...

..#..##...#......## ##
#.#.......#.#...## ##.
#.#.........#...#
#..##....##..#.......##
#........###.###..#....
##..†.##.###.# ..#####.
##.........##.# # ##
#.........###.# #
#......@.## #.. ##
#..#...g.# #.
##......g# . ##......[.
. ##........
?.......o.. ...
#.......S.SS ....
............ ..... ....


You could see 2 gnolls, 2 adders and an orc.

Vanquished Creatures
  2 adders
  A gnoll (D:1)
  A dart slug (D:4)
  An orc (D:3)
  4 ball pythons
  6 bats
  3 endoplasms (D:2)
  3 giant cockroaches (D:1)
  4 goblins
  7 hobgoblins
  7 kobolds
  4 quokkas (D:1)
  2 frilled lizards (D:3)
  4 rats
49 creatures vanquished.

Vanquished Creatures (others)
  4 plants (D:1)
4 creatures vanquished.

Grand Total: 53 creatures vanquished

Notes
Turn   | Place    | Note
-------+----------+-------------------------------------------
     0 | D:1      | GigaChad the Minotaur Fighter began the quest for the Orb.
     0 | D:1      | Reached XP level 1. HP: 19/19 MP: 0/0
    73 | D:1      | Reached XP level 2. HP: 16/27 MP: 1/1
   578 | D:1      | Reached skill level 1 in Dodging
   578 | D:1      | Reached XP level 3. HP: 26/33 MP: 2/2
  1213 | D:2      | Found a faded altar of an unknown god.
  1675 | D:3      | Reached XP level 4. HP: 31/40 MP: 3/3
  1759 | D:3      | You fall into a shaft and drop 1 floor!
  1857 | D:4      | Slain by a gnoll

Illustrated notes

Levels and vault maps discovered:
D:1:      psy_arrival_conway, layout_loops_ring, serial_bayou_lagoon_a
D:2:      layout_basic, shapermc_ecumenical_altar_mp_ritualfount
D:3:      layout_basic, nzn_overflow_gifts_of_might_and_magic,
          minmay_crystal_room, chequers_serial_rivers_micro_b
D:4:      layout_cave_pools, mainiacjoe_overflow_alcove_2, minmay_surrounded

Skill      XL: |  1  2  3 |
---------------+----------+-----
Armour         | 4 |  4.4
Shields        | 4 |  4.0
Dodging        | 1 |  1.2
Axes           | 3 |  3.8
Fighting       | 4 |  4.0
Stealth        | |  0.1

Action                   |  1- 3 |  4- 6 || total
-------------------------+-------+-------++-------
Melee: War axe           |    80 |    20 ||   100
       Headbutt          |     7 |     2 ||     9
  Use: Scroll            |     2 |       ||     2
Armor: Scale mail        |    37 |       ||    37
       Chain mail        |    13 |    10 ||    23
Dodge: Dodged            |    41 |    14 ||    55
Block: Buckler           |    21 |       ||    21
       Kite shield       |     6 |    18 ||    24
